 Dungeon Crawl Stone Soup version 0.29.1-15-g9cfb28693d (webtiles) character file.

Game seed: 1078874538653665958

3340 croobank the Conjurer (level 10, -11/59 HPs)
             Began as a Tengu Fire Elementalist on Apr 13, 2023.
             Was an Initiate of Hepliaklqana.
             Mangled by a sun demon (17 damage)
             ... summoned by a kobold demonologist
             ... on level 9 of the Dungeon.
             The game lasted 00:25:10 (9857 turns).

croobank the Conjurer (Tengu Fire Elementalist)     Turns: 9857, Time: 00:25:11

Health: -11/59     AC:  8    Str:  9    XL:     10   Next: 2%
Magic:  0/18       EV: 15    Int: 31    God:    Hepliaklqana [......]
Gold:   418        SH:  5    Dex: 15    Spells: 9/19 levels left

rFire   . . .      SeeInvis .   H - +2 dagger (speed)
rCold   . . .      Faith    .   s - +0 buckler
rNeg    . . .      Spirit   +   k - +0 acid dragon scales
rPois   .          Reflect  .   P - +0 hat
rElec   .          Harm     .   Q - +0 cloak
rCorr   +          Rampage  .   x - +0 pair of gloves
Will    .....                   (boots unavailable)
Stlth   +++.......              v - amulet of guardian spirit
HPRegen 0.99/turn               L - +6 ring of intelligence
MPRegen 0.16/turn               t - +6 ring of intelligence

@: flying quickly and evasively, quick
A: beak, talons 3, nimble flight, horns 1, regeneration 1, wild magic 1
a: Renounce Religion


You were on level 9 of the Dungeon.
You worshipped Hepliaklqana.
Hepliaklqana was noncommittal.
You visited 2 branches of the dungeon, and saw 10 of its levels.

You collected 418 gold pieces.

Inventory:

Hand Weapons
 d - a +5 long sword
 e - a +0 short sword of electrocution
 f - a +3 vampiric spear
 m - a +4 hand axe
 r - a +2 whip of chaos
 u - a +0 lajatang
 A - a +2 dagger of freezing
 H - a +2 dagger of speed (weapon)
 M - a +3 flail
 R - a +4 quarterstaff of chaos
 S - a +0 arbalest
 T - a +2 dagger of venom
Missiles
 a - a throwing net
 p - 22 poisoned darts
 q - 3 silver javelins
 I - a boomerang
 J - 5 curare-tipped darts
Armour
 k - +0 acid dragon scales (worn)
 s - a +0 buckler (worn)
 x - a +0 pair of gloves (worn)
 P - a +0 hat (worn)
 Q - a +0 cloak (worn)
Jewellery
 h - a ring of resist corrosion
 t - a +6 ring of intelligence (right hand)
 v - an amulet of guardian spirit (around neck)
 L - a +6 ring of intelligence (left hand)
Wands
 i - a wand of polymorph (10)
 E - a wand of charming (2)
Scrolls
 c - 5 scrolls of amnesia
 o - a scroll of immolation
 y - a scroll of acquirement {unknown}
 D - a scroll of identify
 G - a scroll of enchant weapon
 N - a scroll of summoning
Potions
 b - a potion of magic
 g - 2 potions of resistance
 j - 4 potions of curing
 l - 5 potions of attraction
 n - a potion of flight
 w - 4 potions of heal wounds
 B - a potion of cancellation
 C - 2 potions of ambrosia
 F - a potion of invisibility
 K - a potion of might
 O - a potion of mutation


   Skills:
 + Level 5.0 Fighting
 + Level 6.2 Dodging
 + Level 6.0 Stealth
 - Level 3.0 Shields
 + Level 5.1 Spellcasting
 + Level 7.3 Conjurations
 + Level 6.7 Fire Magic
 * Level 2.4 Invocations


You had 9 spell levels left.
You knew the following spells:

 Your Spells              Type           Power      Damage    Failure   Level
a - Foxfire               Conj/Fire      100%       2x1d9     1%          1
b - Scorch                Fire           100%       2d10      2%          2
c - Flame Wave            Conj/Fire      61%        2d14      11%         4
d - Inner Flame           Hex/Fire       37%        N/A       14%         3

Your spell library contained the following spells:

 Spells                   Type           Power      Damage    Failure   Level
 Conjure Flame            Conj/Fire      61%        6-21      3%          3
 Ensorcelled Hibernation  Hex/Ice        20%        N/A       26%         2
 Passwall                 Tmut/Erth      8%         N/A       26%         2
 Call Canine Familiar     Summ           10%        N/A       45%         3
 Portal Projectile        Hex/Tloc       20%        N/A       45%         3
 Swiftness                Air            10%        N/A       45%         3
 Tukima's Dance           Hex            10%        N/A       45%         3
 Leda's Liquefaction      Hex/Erth       5%         N/A       83%         4
 Blade Hands              Tmut           5%         N/A       99%         5


Dungeon Overview and Level Annotations

Branches:
Dungeon (9/15)             Temple (1/1) D:6            Lair (0/5) D:9
    Orc: D:9-12

Altars:
Ashenzari
Gozag
Hepliaklqana
Makhleb
Uskayaw
Vehumet
Xom
Yredelemnul
The Shining One

Annotations:
D:6 1 runed translucent door, nalyd1's ghost, novice MiFi
D:8 Joseph


Innate Abilities, Weirdness & Mutations

You have a beak for a mouth.
You have claws for feet.
Your magical nature lets you fly swiftly and evasively.
You have a pair of small horns on your head.
Your natural rate of healing is unusually fast.
Your spells are a little harder to cast, but a little more powerful.


Message History

Casting: Foxfire (safe; 1% risk of failure)
Confirm with . or Enter, or press ? or * to list all spells.
You conjure some foxfire!
The kobold demonologist mumbles some strange words.
Casting: Foxfire (safe; 1% risk of failure)
Confirm with . or Enter, or press ? or * to list all spells.
You conjure some foxfire!
Your centaur dissolves into shadows!
The foxfire hits the kobold demonologist!
The kobold demonologist is moderately wounded.
A howler monkey comes into view.
The foxfire hits the kobold demonologist!
The kobold demonologist is heavily wounded.
The kobold demonologist looks satisfied for a moment.
The howler monkey hoots and howls with incredible vigour!
You hear a shout! x2
Casting: Foxfire (safe; 1% risk of failure)
Confirm with . or Enter, or press ? or * to list all spells.
You conjure some foxfire!
The foxfire hits the sun demon but does no damage.
Your foxfire dissipates!
The foxfire hits the howler monkey.
The howler monkey is moderately wounded.
The foxfire hits the sun demon but does no damage.
Casting: Foxfire (safe; 1% risk of failure)
Confirm with . or Enter, or press ? or * to list all spells.
Flames lash the sun demon but do no damage.
You hear a howl!
The sun demon hits you!!
You are engulfed in flames!!
A howler monkey comes into view.
The kobold demonologist gestures wildly while chanting.
A kobold comes into view. It is wielding a +0 short sword.
You hit the kobold demonologist.
Your headbutt misses the kobold demonologist.
Your peck misses the kobold demonologist.
The kobold demonologist is severely wounded.
The sun demon hits you!!
* * * LOW HITPOINT WARNING * * *
You are engulfed in flames!!
You die...

~# ~# .## ~#.# ...
... ~~# ... ... .
≈~.# #.###.# .# ≈~..
# #)#.#.# .)# ≈~~#
#.###.#.#.###....
≈≈~#
#.K#..K..........<#
≈≈~#
.....33@§...h.h...#
≈≈~~
#..#####.....###.##.
.... #.###..#.....
....... ...#
#[).......# ~≈≈~88
###.###..#.####.#
~≈≈~~# #.....##.##
.# ~~≈≈~#
#####.#...## .#
#~≈≈~## #......##.#
#~≈≈~~# ##.........#


You could see a sun demon (summoned), a kobold demonologist, a ynoxinul
(summoned), 2 howler monkeys and a kobold.

Vanquished Creatures
  The ghost of gugbubby the Ducker, an amateur TrBe of Trog (D:5)
  Grinder (D:4)
  3 water moccasins
  An orc warrior (D:6)
  A sky beast (D:7)
  A black bear (D:5)
  4 ogres
  A centaur (D:8)
  A phantom (D:5)
  3 bullfrogs
  2 kobold brigands (D:5)
  2 necrophages
  A scorpion (D:7)
  4 wights (D:6)
  A crimson imp (D:5)
  3 hounds
  Crazy Yiuf (D:6)
  5 orc priests
  2 gnoll boudas
  Natasha (thrice) (D:4)
  3 orc wizards
  Robin (D:4)
  17 gnolls
  8 adders
  A shadow imp (D:6)
  4 white imps
  An ufetubus (D:4)
  A worm (D:5)
  5 dart slugs
  20 orcs
  6 bats
  7 endoplasms
  2 giant cockroaches
  13 goblins
  8 hobgoblins
  13 jackals
  7 quokkas
  3 ball pythons
  2 frilled lizards
  15 kobolds
  4 rats
182 creatures vanquished.

Vanquished Creatures (collateral kills)
  An acid dragon (D:9)
  A wight (D:9)
2 creatures vanquished.

Vanquished Creatures (others)
  4 kobolds (D:5)
  437 foxfires
  4 plants (D:5)
445 creatures vanquished.

Grand Total: 629 creatures vanquished

Notes
Turn   | Place    | Note
-------+----------+-------------------------------------------
     0 | D:1      | croobank the Tengu Fire Elementalist began the quest for
                  | the Orb.
     0 | D:1      | Reached XP level 1. HP: 10/10 MP: 4/4
   295 | D:1      | Reached XP level 2. HP: 15/15 MP: 3/6
   298 | D:1      | Learned a level 2 spell: Scorch
   567 | D:1      | Reached skill level 2 in Conjurations
   715 | D:1      | Reached XP level 3. HP: 20/20 MP: 4/7
   994 | D:2      | Found a faded altar of an unknown god.
  1298 | D:2      | Reached skill level 1 in Fighting
  1298 | D:2      | Reached XP level 4. HP: 21/25 MP: 0/8
  2117 | D:3      | Gained mutation: Your magical nature lets you fly swiftly
                  | and evasively. [Tengu growth]
  2117 | D:3      | Reached XP level 5. HP: 29/29 MP: 6/9
  2854 | D:3      | Found a radiant altar of Vehumet.
  2863 | D:3      | Reached skill level 1 in Shields
  2863 | D:3      | Reached skill level 3 in Conjurations
  3507 | D:4      | Noticed Robin
  3509 | D:4      | Killed Robin
  3644 | D:4      | Reached XP level 6. HP: 35/35 MP: 5/11
  3931 | D:4      | Found a basalt altar of Yredelemnul.
  4037 | D:4      | Noticed Natasha
  4039 | D:4      | Killed Natasha
  4142 | D:4      | Noticed Grinder
  4146 | D:4      | Paralysed by Grinder for 2 turns
  4153 | D:4      | Killed Grinder
  4154 | D:4      | Reached XP level 7. HP: 40/40 MP: 1/12
  4278 | D:4      | Found a glowing golden altar of the Shining One.
  4372 | D:4      | Reached skill level 4 in Conjurations
  4394 | D:4      | Noticed Natasha
  4413 | D:4      | HP: 1/40 [Natasha/magic dart (6)]
  4420 | D:4      | Killed Natasha
  4430 | D:4      | Noticed Natasha
  4436 | D:4      | Gained mutation: You have a pair of small horns on your
                  | head. [potion of mutation]
  4436 | D:4      | Gained mutation: Your natural rate of healing is unusually
                  | fast. [potion of mutation]
  4436 | D:4      | Gained mutation: Your spells are a little harder to cast,
                  | but a little more powerful. [potion of mutation]
  4668 | D:4      | Killed Natasha
  4739 | D:5      | Entered Level 5 of the Dungeon
  4905 | D:5      | Reached XP level 8. HP: 45/45 MP: 4/14
  4979 | D:5      | Reached skill level 5 in Conjurations
  5263 | D:5      | Reached skill level 5 in Fire Magic
  5523 | D:5      | Found a runed translucent gate.
  5523 | D:5      | Found a runed translucent gate.
  5524 | D:5      | Found a runed translucent gate.
  5526 | D:5      | Noticed gugbubby's ghost (amateur TrBe)
  6263 | D:5      | Found a burning altar of Makhleb.
  6263 | D:5      | Found a shimmering altar of Xom.
  6471 | D:5      | Killed gugbubby's ghost
  6472 | D:5      | Reached skill level 5 in Dodging
  6473 | D:5      | Reached skill level 5 in Stealth
  6473 | D:5      | Reached skill level 6 in Conjurations
  6473 | D:5      | Reached XP level 9. HP: 52/52 MP: 9/16
  7366 | D:6      | Found a staircase to the Ecumenical Temple.
  7500 | D:6      | Found a runed translucent door.
  7501 | D:6      | Noticed Crazy Yiuf
  7508 | D:6      | Killed Crazy Yiuf
  8083 | Temple   | Entered the Ecumenical Temple
  8112 | Temple   | Became a worshipper of Hepliaklqana the Forgotten
  8186 | D:6      | Found a runed translucent door.
  8189 | D:6      | Noticed Maggie
  8200 | D:6      | Noticed Maggie
  8200 | D:6      | Maggie changed into Maggie the ogre
  8202 | D:6      | Killed Maggie the ogre
  8210 | D:6      | Noticed nalyd1's ghost (novice MiFi)
  8492 | D:6      | Reached skill level 7 in Conjurations
  8492 | D:6      | Reached skill level 1 in Invocations
  9044 | D:7      | Reached skill level 5 in Spellcasting
  9648 | D:8      | Noticed a two-headed ogre
  9649 | D:8      | Noticed Joseph
  9707 | D:9      | Found a hide-covered altar of Uskayaw.
  9770 | D:9      | Learned a level 4 spell: Flame Wave
  9774 | D:9      | Learned a level 3 spell: Inner Flame
  9804 | D:9      | Found a staircase to the Lair.
  9848 | D:9      | Reached XP level 10. HP: 58/58 MP: 16/18
  9849 | D:9      | Noticed a kobold demonologist
  9851 | D:9      | Reached skill level 5 in Fighting
  9853 | D:9      | Noticed a sun demon
  9857 | D:9      | Mangled by a sun demon

Illustrated notes

Levels and vault maps discovered:
D:1:      minmay_arrival_shattered_statue, layout_basic
D:2:      layout_basic, hellmonk_ecumenical_altar_blasted
D:3:      layout_basic, lemuel_round_altar, nrook_mini_backslash
D:4:      layout_basic, nicolae_tso_carved_into_rock,
          nicolae_overflow_crystal_walls, uniq_robin, uniq_grinder, uniq_natasha
D:5:      cheibrodos_thug_alley, layout_rooms,
          grunt_temple_overflow_champion_of_chaos, gammafunk_ghost_nasty_kobolds
D:6:      layout_basic, minmay_temple_entry_proselytizer, ebering_ghost_sewer_d,
          kennysheep_generic_room_15, uniq_crazy_yiuf_cottage, uniq_maggie
D:7:      layout_layer_cave
D:8:      layout_rooms, tgw_sif, okawaru_altar_gauntlet_db, uniq_joseph,
          uniq_maurice
D:9:      wander_river, layout_loops_ring, mainiacjoe_overflow_small_starburst,
          mainiacjoe_overflow_swirl, mainiacjoe_overflow_tiny_flanked,
          serial_shops, nicolae_shop_temple_entry_statues_fountains,
          minmay_misc_feat_nine_boxes
Temple:   hellmonk_temple_beads

Skill      XL: |  1  2  3  4  5  6  7  8  9 10 |
---------------+-------------------------------+-----
Conjurations   | 2 3 4 6 7 |  7.3
Fighting       | 1 2 3 4 5 |  5.0
Dodging        | 3 4 5 6 |  6.2
Fire Magic     | 4 5 6 |  6.7
Shields        | 1 2 3 |  3.0
Stealth        | 3 4 5 6 |  6.0
Spellcasting   | 3 4 5 |  5.1
Invocations    | 2 |  2.4

Action                   |  1- 3 |  4- 6 |  7- 9 | 10-12 || total
-------------------------+-------+-------+-------+-------++-------
Melee: Kick              |     4 |     5 |    15 |       ||    24
       Unarmed           |     1 |       |    17 |       ||    18
       Short sword       |     7 |    31 |     6 |       ||    44
       Peck              |     2 |     3 |     6 |       ||    11
       Dagger            |       |       |    47 |     1 ||    48
       Headbutt          |       |       |    10 |       ||    10
 Cast: Foxfire           |    37 |    54 |   167 |     4 ||   262
       Scorch            |     9 |    30 |    76 |     1 ||   116
Evoke: Wand              |       |       |     6 |       ||     6
  Use: Potion            |       |       |     4 |       ||     4
       Scroll            |       |       |    14 |       ||    14
 Stab: Sleeping          |       |     1 |       |       ||     1
Armor: Robe              |     2 |    11 |    14 |       ||    27
       Acid dragon scale |       |       |     8 |       ||     8
Dodge: Dodged            |    10 |    16 |    74 |       ||   100
Block: Buckler           |       |       |    20 |       ||    20
